 Dungeon Crawl Stone Soup version 0.27-a0-887-gcab673c142 (webtiles) character file.

Game seed: 11563075191183244691

2 Alarkh the Insei (level 1, -2/16 HPs)
             Began as a Demonspawn Gladiator on Apr 4, 2021.
             Slain by a gnoll
             ... wielding a +0 spear
              (4 damage)
             ... on level 1 of the Dungeon.
             The game lasted 00:00:18 (110 turns).

Alarkh the Insei (Demonspawn Gladiator)              Turns: 110, Time: 00:00:19

Health: -2/16      AC:  4    Str: 14    XL:     1   Next: 33%
Magic:  1/1        EV: 12    Int:  9    God:
Gold:   0          SH:  0    Dex: 14    Spells: 0/0 levels left

rFire    . . .     SeeInvis .     - Unarmed
rCold    . . .     Faith    .   (no shield)
rNeg     . . .     Spirit   .   a - +0 leather armour
rPois    .         Reflect  .   b - +0 helmet
rElec    .         Harm     .   (no cloak)
rCorr    .         Rampage  .   (no gloves)
Will     .....                  (no boots)
Stlth    +.........             (no amulet)
HPRegen  0.05/turn              (no ring)
MPRegen  0.07/turn              (no ring)

@: no status effects
A: no striking features
a: no special abilities


You were on level 1 of the Dungeon.
You visited 1 branch of the dungeon, and saw 1 of its levels.

Inventory:

Missiles
 c - 3 throwing nets (quivered)
Armour
 a - a +0 leather armour (worn)
 b - a +0 helmet (worn)


   Skills:
 + Level 2.0 Fighting
 - Level 1.7 Throwing
 - Level 2.6 Dodging
 * Level 2.8 Unarmed Combat


You couldn't memorise any spells.
You didn't know any spells.
Your spell library was empty.

Dungeon Overview and Level Annotations

Branches:
Dungeon (1/15)

Altars:


Message History

No target in view!
You open the door.
Found a stone staircase leading down.
There is an open door here.
Found 15 poisoned darts.
There is a stone staircase leading down here.
A hobgoblin, a gnoll and a kobold come into view.
Found a ring mail.
The hobgoblin shouts!
The gnoll shouts!
The kobold shouts!
There is an open door here.
You hit the kobold.
You kill the kobold!
There is an open door here.
You hit the hobgoblin but do no damage. The hobgoblin misses you.
You closely miss the hobgoblin. The hobgoblin hits you.
You hit the hobgoblin but do no damage. The hobgoblin misses you.
You completely miss the hobgoblin. The hobgoblin barely misses you.
You hit the hobgoblin but do no damage. The hobgoblin closely misses you.
You closely miss the hobgoblin.
The hobgoblin hits you but does no damage.
You closely miss the hobgoblin. The hobgoblin hits you.
The gnoll hits you from afar with a +0 spear.
You hit the hobgoblin.
The hobgoblin is lightly wounded.
The hobgoblin barely misses you. The gnoll closely misses you.
You hit the hobgoblin.
The hobgoblin is severely wounded.
The hobgoblin hits you. The gnoll barely misses you.
You hit the hobgoblin.
You kill the hobgoblin!
The gnoll hits you from afar with a +0 spear!
Ouch! That really hurt!
* * * LOW HITPOINT WARNING * * *
You are too injured to fight recklessly!
You aren't carrying any potions.
You aren't carrying any potions.
There is a staircase leading out of the dungeon here.
Are you sure you want to leave the Dungeon?
This will make you lose the game!
The gnoll hits you from afar with a +0 spear.
You die...

#....# ###### #.##...
#....### #.##.#.
####...## #.##.#.
##..#..## ##.##.#.
####..#.#..######.......
.....#...#......#..#####
.#####.....#####.#..#.#
#
..#...........#.......#
#
#..#....@.g..#....###.#
#..#.........#........#
..#.........[.#..######
#####.....#####.#
.....#...#......#
......#.#..######
###....#..## ##......#


You could see a gnoll.

Vanquished Creatures
  A hobgoblin (D:1)
  A ball python (D:1)
  A kobold (D:1)
3 creatures vanquished.

Notes
Turn   | Place    | Note
-------+----------+-------------------------------------------
     0 | D:1      | Alarkh the Demonspawn Gladiator began the quest for the
                  | Orb.
     0 | D:1      | Reached XP level 1. HP: 16/16 MP: 1/1
   110 | D:1      | Slain by a gnoll

Illustrated notes

Levels and vault maps discovered:
D:1:      scummos_arrival_star, layout_basic

Action                   || total
-------------------------++-------
Melee: Unarmed           ||    12
Armor: Leather armour    ||     1
Dodge: Dodged            ||     7

Table legend: (Time is in decaauts)
 A = Elapsed time spent in this place.
 B = Non-inter-level travel time spent in this place.
 C = Inter-level travel time spent in this place.
 D = Time resting spent in this place.
 E = Time spent auto-exploring this place.
 F = Levels seen in this place.
 G = Mean time per level.
                   A        B        C        D        E       F      G
               +--------+--------+--------+--------+--------+-----+--------+
         Total |    109 |    109 |      0 |      0 |     59 |   1 |  109.0 |
       Dungeon |    109 |    109 |      0 |      0 |     59 |   1 |  109.0 |
               +--------+--------+--------+--------+--------+-----+--------+

Top non-repeatable levels by time:
     D:1: 109 daAuts
